 Dungeon Crawl Stone Soup version 0.24.0-1-gfbc8707122 (webtiles) character file.

Game seed: 7530779309645614518, levelgen mode: deterministic

77 Alarkh the Ruffian (level 4, 22/35 HPs)
             Began as a Demonspawn Fighter on Oct 27, 2019.
             Got out of the dungeon alive.
             The game lasted 00:01:54 (1684 turns).

Alarkh the Ruffian (Demonspawn Fighter)             Turns: 1684, Time: 00:01:55

Health: 22/35      AC:  6    Str: 17    XL:     4   Next: 14%
Magic:  4/4        EV:  6    Int: 10    God:
Gold:   169        SH:  8    Dex: 12    Spells: 3/3 levels left

rFire    . . .     SeeInvis .     - Unarmed
rCold    . . .     Gourm    .   b - +0 shield
rNeg     . . .     Faith    .   a - +0 scale mail
rPois    .         Spirit   +   (no helmet)
rElec    .         Reflect  .   (no cloak)
rCorr    .         Harm     .   (no gloves)
MR       .....                  (no boots)
Stlth    ..........             (no amulet)
HPRegen  0.11/turn              o - ring of wizardry
MPRegen  0.09/turn              (no ring)

@: no status effects
A: claws 2, magic shield
a: no special abilities


You escaped.
You were hungry.

You visited 1 branch of the dungeon, and saw 3 of its levels.

You collected 169 gold pieces.

Inventory:

Armour
 a - a +0 scale mail (worn)
 b - a +0 shield (worn)
Jewellery
 o - a ring of wizardry (left claw)
Scrolls
 e - a scroll of remove curse {unknown}
 f - a scroll of immolation {unknown}
 g - a scroll of enchant weapon {unknown}
 i - a scroll of teleportation {unknown}
 m - a scroll of amnesia {unknown}
 r - a scroll of identify
Potions
 c - a potion of might
 h - a potion of lignification
 k - a potion of flight {unknown}
 l - a potion of resistance {unknown}
 n - a potion of curing {unknown}
Comestibles
 d - 6 rations


   Skills:
 - Level 3.0 Fighting
 - Level 2.6 Armour
 - Level 2.6 Shields
 + Level 4.1 Unarmed Combat


You had 3 spell levels left.
You didn't know any spells.
Your spell library was empty.

Dungeon Overview and Level Annotations

Branches:
Dungeon (3/15)

Altars:
Qazlal


Innate Abilities, Weirdness & Mutations

You have very sharp fingernails.
When hurt, damage is shared between your health and your magic reserves.


Message History

Things that are here:
a +0 flail; a gnoll corpse
There is an open door here.
There is an open door here.
Magic restored.
There is a stone staircase leading up here.
You climb upwards.
There is a stone staircase leading down here.
Items here: ( ) รทรท 3 stones; a +0 short sword; a bat skeleton; a kobold skeleton You are feeling hungry.
You can't go up here!
Unknown command.
(D) Dungeon
Where to? (Enter - D:1 @ (x,y), ? - help)
There is an open door here.
There is an open door here.
There is a staircase leading out of the dungeon here.
Are you sure you want to leave the Dungeon?
This will make you lose the game!
You have escaped!

#.... #....
####'
#########.
#.........
#######
#.########
#.....# #.#
#.....###.#
#@......#.#
#.....#...#
#.....###.#
####### #.#
#.########
#.........
#.########
###


There were no monsters in sight!

Vanquished Creatures
  2 gnolls
  2 worms
  A dart slug (D:2)
  2 leopard geckos (D:2)
  An orc (D:3)
  7 bats
  2 giant cockroaches
  7 goblins
  5 hobgoblins
  3 jackals (D:1)
  5 kobolds
  2 quokkas (D:2)
  2 frilled lizards (D:3)
  3 rats (D:1)
44 creatures vanquished.

Notes
Turn   | Place    | Note
-------+----------+-------------------------------------------
     0 | D:1      | Alarkh the Demonspawn Fighter began the quest for the Orb.
     0 | D:1      | Reached XP level 1. HP: 18/18 MP: 1/1
    57 | D:1      | Reached skill level 2 in Unarmed Combat
   101 | D:1      | Gained mutation: You have sharp fingernails. [demonic
                  | ancestry]
   101 | D:1      | Reached XP level 2. HP: 17/24 MP: 2/2
   603 | D:1      | Reached skill level 3 in Unarmed Combat
   816 | D:2      | Gained mutation: You have very sharp fingernails. [demonic
                  | ancestry]
   816 | D:2      | Reached XP level 3. HP: 19/29 MP: 3/3
  1464 | D:2      | Found a stormy altar of Qazlal.
  1559 | D:3      | Gained mutation: When hurt, damage is shared between your
                  | health and your magic reserves. [demonic ancestry]
  1559 | D:3      | Reached XP level 4. HP: 15/35 MP: 4/4
  1574 | D:2      | Reached skill level 4 in Unarmed Combat
  1684 | D:$      | Got out of the dungeon alive.

Levels and vault maps discovered:
D:1:      minmay_arrival_checkered_box, layout_basic
D:2:      layout_basic, nicolae_qazlal_eye_of_the_storm, first_ration
D:3:      layout_loops_ring, led_sif_pool, gammafunk_temple_overflow_pools,
          guppyfry_early_orc_mine, uniq_natasha

Skill      XL: |  1  2  3  4 |
---------------+-------------+-----
Unarmed Combat | 2 3 4 |  4.1
Fighting       | |  3.0
Armour         | |  2.6
Shields        | |  2.6

Action                   |  1- 3 |  4- 6 || total
-------------------------+-------+-------++-------
Melee: Unarmed           |   161 |     2 ||   163
  Use: Scroll            |     1 |       ||     1
       Potion            |     1 |       ||     1
  Eat: Chunk             |     2 |       ||     2
Armor: Scale mail        |    62 |       ||    62
Dodge: Dodged            |    45 |       ||    45
Block: Shield            |    64 |       ||    64
